Jets vs Maple Leafs

Created - February 5, 2025 at 20:03

Goals
1 2 3 OT1 T
Jets 0 1 0 1 2
Maple Leafs 0 1 0 0 1
Shots
1 2 3 OT1 T
Jets 7 8 4 3 22
Maple Leafs 11 20 8 0 39

1st period

No Goal

Penalties :
Brendan Guhle (TOR) for Delaying the game (Minor) at 8:06, Sam Reinhart (Win) for Holding Stick (Minor) at 11:05, Roope Hintz (Win) for Boarding (Minor) at 13:35, Anthony Mantha (Win) for Tripping (Minor) at 16:39, Elias Lindholm (TOR) for High sticking (Minor) at 19:57

2nd period

1. Maple Leafs , Valentin Zykov 6 (Elias Lindholm 11) at 7:35
2. Jets , Dylan Strome 5 (Nino Niederreiter 20, Adam Larsson 10) at 8:11

Penalties :
Sam Reinhart (Win) for Hooking (Minor) at 14:15, Anthony Mantha (Win) for Delaying the game (Minor) at 19:09

3rd period

No Goal

Penalties :
Jason Zucker (TOR) for Tripping (Minor) at 4:37, Zach Werenski (TOR) for Tripping (Minor) at 7:53, Dougie Hamilton (Win) for Tripping (Minor) at 11:24

Overtime #1

3. Jets , Viktor Arvidsson 8 (Anthony Mantha 13, Tyler Seguin 19) at 0:38

Penalties :
No Penalty

Goalie Stats

Jacob Markstrom (Win), 38 saves from 39 shots - (0.974), W, 21-13-2, 60:38 minutes
Kristers Gudlevskis (TOR), 20 saves from 22 shots - (0.909), OTL, 20-8-5, 60:38 minutes

Players Stats for Jets

Player Name              G  A  P  +/- PIM S  H  SB GA TA FO     MP     PP MP  PK MP  
------------------------------------------------------------------------------------
Adam Gaudette            0  0  0   0  0   4  3  0  1  0  1/1    13:32   3:30   0:00 
Adam Larsson             0  1  1   1  0   2  2  4  0  2  0/0    27:33   4:17   7:46 
Anthony Mantha           0  1  1   1  4   1  1  0  0  0  0/0    21:19   3:05   3:03 
Dougie Hamilton          0  0  0  -1  2   0  0  3  0  2  0/0    21:15   3:15   3:22 
Dylan Strome             1  0  1   0  0   2  0  1  0  0  6/18   16:11   3:43   1:14 
Erik Cernak              0  0  0   0  0   0  1  0  0  0  0/0    10:16   0:46   0:00 
Frank Vatrano            0  0  0   0  0   0  1  0  0  0  0/1     6:53   1:20   0:00 
Jack Roslovic            0  0  0   0  0   1  1  2  1  1  0/0    15:41   4:06   0:00 
Kyle Connor              0  0  0   0  0   0  0  1  0  0  0/0    10:56   0:45   0:37 
Ludwig Bystrom           0  0  0   0  0   1  0  0  0  0  0/0     4:27   0:39   0:00 
Mirco Mueller            0  0  0   0  0   0  1  0  0  0  0/0    10:50   0:00   0:46 
Nino Niederreiter        0  1  1   0  0   5  1  1  0  1  1/4    23:17   2:43   7:00 
Roope Hintz              0  0  0   0  2   0  0  0  0  0  0/4    11:20   0:40   0:00 
Ryan Murray              0  0  0   2  0   1  0  3  0  2  0/0    24:57   4:02   7:46 
Sam Reinhart             0  0  0   0  4   0  0  1  0  1  1/1    13:29   0:00   1:36 
Troy Stetcher            0  0  0  -1  0   0  2  0  1  1  0/0    21:40   3:08   4:08 
Tyler Seguin             0  1  1   0  0   4  1  1  0  0  16/32  26:45   3:08   6:23 
Viktor Arvidsson         1  0  1   1  0   1  0  0  0  0  2/3     9:33   0:33   3:55 

Players Stats for Maple Leafs

Player Name              G  A  P  +/- PIM S  H  SB GA TA FO     MP     PP MP  PK MP  
------------------------------------------------------------------------------------
Andre Burakovsky         0  0  0  -1  0   7  1  1  4  0  1/1    23:42   7:17   3:05 
Bo Horvat                0  0  0   0  0   3  1  0  3  0  16/29  22:15   7:17   2:06 
Brandon Saad             0  0  0   0  0   1  0  0  0  0  0/0     9:05   0:00   2:14 
Brendan Guhle            0  0  0   0  2   0  0  2  0  0  0/0    11:40   0:00   3:03 
Elias Lindholm           0  1  1   1  2   1  3  0  0  0  5/8     8:44   0:00   0:11 
Elias Pettersson         0  0  0  -1  0   6  3  1  0  0  12/18  18:54   4:37   1:20 
Evander Kane             0  0  0   0  0   3  1  0  0  0  0/0    12:05   0:00   0:47 
Haydn Fleury             0  0  0   0  0   0  1  0  0  0  0/0    14:03   0:00   4:11 
Jason Zucker             0  0  0  -1  2   4  3  0  2  0  0/0    18:47   4:37   1:39 
John Klingberg           0  0  0   0  0   3  3  0  0  0  0/0    25:43   8:11   0:53 
Jon Merrill              0  0  0   0  0   0  0  2  0  0  0/0    22:38   3:43   4:11 
Luke Schenn              0  0  0   0  0   0  0  1  0  1  0/0    20:00   3:43   3:45 
Nicholas Baptiste        0  0  0   0  0   1  0  0  0  0  1/1     6:34   0:00   0:00 
Patrice Cormier          0  0  0   0  0   0  0  0  1  1  2/6    10:44   0:00   4:19 
Pontus Aberg             0  0  0   1  0   0  0  1  0  0  0/0     7:53   0:00   0:00 
Valentin Zykov           1  0  1   1  0   4  1  0  0  0  0/1    17:10   7:17   0:00 
William Nylander         0  0  0  -2  0   0  2  0  0  0  0/0    17:23   4:37   0:00 
Zach Werenski            0  0  0  -1  2   6  1  2  0  1  0/0    26:34   8:11   0:00 

3 Stars

1 - Jacob Markstrom (Win)
2 - Viktor Arvidsson (Win)
3 - Adam Larsson (Win)

Power Play

Jets - 0 on 4 Attempt(s) - 0.00%
Maple Leafs - 0 on 6 Attempt(s) - 0.00%

Penalty Kill

Jets - 6 on 6 Attempt(s) - 100.00% - Score 0 goal in Penalty Kill
Maple Leafs - 4 on 4 Attempt(s) - 100.00% - Score 0 goal in Penalty Kill

Team Stat

Jets - Hits : 14 - Faceoff Wins : 27 - Blocked Shots : 17 - Penalty Minutes : 12
Maple Leafs - Hits : 20 - Faceoff Wins : 37 - Blocked Shots : 10 - Penalty Minutes : 8

Official

Referees : Chris Rooney and Ian Walsh
Linesman : Vaughan Rody and Ryan Galloway

Game Notes

No Game Note

Finance

Level 1 -- Attendance: 5428 (90.47%) -- Ticket Income $542,800
Level 2 -- Attendance: 4579 (91.58%) -- Ticket Income $320,530
Level 3 -- Attendance: 1983 (99.15%) -- Ticket Income $79,320
Level 4 -- Attendance: 4000 (100.00%) -- Ticket Income $120,000
Luxury Box -- Attendance: 1000 (100.00%) -- Ticket Income $200,000
Game was played at the Scotiabank Arena.
Total Attendance: 16990 (94.39%)
Total Ticket Income: $1,262,650
Other Income: $189,398
Total Income: $1,452,048

Jets

5 vs 5 Forward 
   Center                   Left Wing                Right Wing               Time % Phy DF OF 
 1 Tyler Seguin             Anthony Mantha           Jack Roslovic            40     1   2  2  
 2 Dylan Strome             Nino Niederreiter        Sam Reinhart             30     1   2  2  
 3 Roope Hintz              Kyle Connor              Adam Gaudette            20     1   2  2  
 4 Tyler Seguin             Viktor Arvidsson         Frank Vatrano            10     1   2  2  

5 vs 5 Defense 
   Defense                  Defense                                           Time % Phy DF OF 
 1 Adam Larsson             Ryan Murray                                       40     1   2  2  
 2 Dougie Hamilton          Troy Stetcher                                     30     1   2  2  
 3 Erik Cernak              Mirco Mueller                                     20     1   2  2  
 4 Ludwig Bystrom           Adam Larsson                                      10     1   2  2  

PowerPlay Forward 
   Center                   Left Wing                Right Wing               Time % Phy DF OF 
 1 Tyler Seguin             Anthony Mantha           Jack Roslovic            60     1   2  2  
 2 Dylan Strome             Nino Niederreiter        Adam Gaudette            40     1   2  2  

PowerPlay Defense
   Defense                  Defense                                           Time % Phy DF OF 
 1 Adam Larsson             Ryan Murray                                       60     1   2  2  
 2 Dougie Hamilton          Troy Stetcher                                     40     1   2  2  

Penalty Kill 4 Players Forward 
   Center                   Wing                     Time % Phy DF OF 
 1 Tyler Seguin             Nino Niederreiter        60     1   2  2  
 2 Viktor Arvidsson         Anthony Mantha           40     1   2  2  

Penalty Kill 4 Players Defense
   Defense                  Defense                  Time % Phy DF OF 
 1 Adam Larsson             Ryan Murray              60     1   2  2  
 2 Dougie Hamilton          Troy Stetcher            40     1   2  2  

Penalty Kill - 3 Players Forward 
   Forward                                           Time % Phy DF OF 
 1 Tyler Seguin                                      60     1   2  2  
 2 Nino Niederreiter                                 40     1   2  2  

Penalty Kill - 3 Players Defense
   Defense                  Defense                  Time % Phy DF OF 
 1 Adam Larsson             Ryan Murray              60     1   2  2  
 2 Dougie Hamilton          Troy Stetcher            40     1   2  2  

4 vs 4 Forward 
   Center                   Wing                     Time % Phy DF OF 
 1 Tyler Seguin             Nino Niederreiter        60     1   2  2  
 2 Viktor Arvidsson         Anthony Mantha           40     1   2  2  

4 vs 4 Defense
   Defense                  Defense                  Time % Phy DF OF 
 1 Adam Larsson             Ryan Murray              60     1   2  2  
 2 Dougie Hamilton          Troy Stetcher            40     1   2  2  

Last Minutes Offensive
   Center                   Left Wing                Right Wing               Defense                  Defense                  
   Tyler Seguin             Nino Niederreiter        Jack Roslovic            Adam Larsson             Ryan Murray              

Last Minutes Defensive
   Center                   Left Wing                Right Wing               Defense                  Defense                  
   Tyler Seguin             Nino Niederreiter        Jack Roslovic            Adam Larsson             Ryan Murray              

Goaltenders
Starting : Jacob Markstrom          
Backup : James Reimer             

Extra Forwards
Normal : Frank Vatrano, Roope Hintz, Sam Reinhart - PP : Frank Vatrano, Roope Hintz - PK : Sam Reinhart
Extra Defensemen
Normal : Erik Cernak, Mirco Mueller, Ludwig Bystrom - PP : Erik Cernak - PK : Mirco Mueller, Ludwig Bystrom
Penalty Shots
Tyler Seguin, Nino Niederreiter, Viktor Arvidsson, Anthony Mantha, Jack Roslovic
Custom OT Lines Forwards
Tyler Seguin, Nino Niederreiter, Viktor Arvidsson, Anthony Mantha, Jack Roslovic, Adam Gaudette, Frank Vatrano, Dylan Strome, Roope Hintz, Sam Reinhart
Custom OT Lines Defensemen
Adam Larsson, Ryan Murray, Dougie Hamilton, Troy Stetcher, Erik Cernak

Scratches
Ryan Johansen (Upper Body Injury)

Maple Leafs

5 vs 5 Forward 
   Center                   Left Wing                Right Wing               Time % Phy DF OF 
 1 Bo Horvat                Evander Kane             Andre Burakovsky         40     1   2  2  
 2 Elias Pettersson         Jason Zucker             William Nylander         30     1   2  2  
 3 Elias Lindholm           Valentin Zykov           Pontus Aberg             20     1   2  2  
 4 Patrice Cormier          Brandon Saad             Nicholas Baptiste        10     1   2  2  

5 vs 5 Defense 
   Defense                  Defense                                           Time % Phy DF OF 
 1 Zach Werenski            John Klingberg                                    40     1   2  2  
 2 Jon Merrill              Luke Schenn                                       30     1   2  2  
 3 Haydn Fleury             Brendan Guhle                                     20     1   2  2  
 4 Zach Werenski            Jon Merrill                                       10     1   2  2  

PowerPlay Forward 
   Center                   Left Wing                Right Wing               Time % Phy DF OF 
 1 Bo Horvat                Valentin Zykov           Andre Burakovsky         60     1   2  2  
 2 Elias Pettersson         Jason Zucker             William Nylander         40     1   2  2  

PowerPlay Defense
   Defense                  Defense                                           Time % Phy DF OF 
 1 Zach Werenski            John Klingberg                                    60     1   2  2  
 2 Jon Merrill              Luke Schenn                                       40     1   2  2  

Penalty Kill 4 Players Forward 
   Center                   Wing                     Time % Phy DF OF 
 1 Patrice Cormier          Andre Burakovsky         60     1   2  2  
 2 Bo Horvat                Jason Zucker             40     1   2  2  

Penalty Kill 4 Players Defense
   Defense                  Defense                  Time % Phy DF OF 
 1 Haydn Fleury             Jon Merrill              60     1   2  2  
 2 Brendan Guhle            Luke Schenn              40     1   2  2  

Penalty Kill - 3 Players Forward 
   Forward                                           Time % Phy DF OF 
 1 Elias Lindholm                                    60     1   2  2  
 2 Bo Horvat                                         40     1   2  2  

Penalty Kill - 3 Players Defense
   Defense                  Defense                  Time % Phy DF OF 
 1 Haydn Fleury             Jon Merrill              60     1   2  2  
 2 Brendan Guhle            Luke Schenn              40     1   2  2  

4 vs 4 Forward 
   Center                   Wing                     Time % Phy DF OF 
 1 Bo Horvat                Andre Burakovsky         60     1   2  2  
 2 Elias Pettersson         William Nylander         40     1   2  2  

4 vs 4 Defense
   Defense                  Defense                  Time % Phy DF OF 
 1 Zach Werenski            Jon Merrill              60     1   2  2  
 2 John Klingberg           Luke Schenn              40     1   2  2  

Last Minutes Offensive
   Center                   Left Wing                Right Wing               Defense                  Defense                  
   Bo Horvat                Evander Kane             Andre Burakovsky         Zach Werenski            John Klingberg           

Last Minutes Defensive
   Center                   Left Wing                Right Wing               Defense                  Defense                  
   Patrice Cormier          Jason Zucker             Andre Burakovsky         Jon Merrill              Haydn Fleury             

Goaltenders
Starting : Kristers Gudlevskis      
Backup : Carter Hutton            

Extra Forwards
Normal : William Nylander, Elias Pettersson, Bo Horvat - PP : William Nylander, Jason Zucker - PK : Bo Horvat
Extra Defensemen
Normal : Haydn Fleury, Zach Werenski, John Klingberg - PP : Haydn Fleury - PK : Brendan Guhle, John Klingberg
Penalty Shots
William Nylander, Elias Pettersson, Andre Burakovsky, Bo Horvat, Jason Zucker
Custom OT Lines Forwards
Evander Kane, Elias Pettersson, William Nylander, Andre Burakovsky, Bo Horvat, Jason Zucker, Elias Lindholm, Brandon Saad, Valentin Zykov, Patrice Cormier
Custom OT Lines Defensemen
Zach Werenski, Jon Merrill, John Klingberg, Luke Schenn, Haydn Fleury

Scratches
None


% Time on Ice - Jets

Lines # - Real PCT - Wanted PCT - Time Play
Normal Forward
1 - 36% - 40% - 14:30
2 - 32% - 30% - 12:47
3 - 22% - 20% - 9:00
4 - 10% - 10% - 3:53
Normal Defense
1 - 31% - 40% - 12:31
2 - 38% - 30% - 15:13
3 - 24% - 20% - 9:27
4 - 7% - 10% - 2:59
PP Forward
1 - 56% - 60% - 4:26
2 - 44% - 40% - 3:30
PP Defense
1 - 59% - 60% - 4:41
2 - 41% - 40% - 3:15
PK Forward
1 - 67% - 60% - 7:59
2 - 33% - 40% - 3:55
PK Defense
1 - 65% - 60% - 7:46
2 - 35% - 40% - 4:08
PK3 Forward
1 - 0% - 60%
2 - 0% - 40%
PK3 Defense
1 - 0% - 60%
2 - 0% - 40%
44 Forward
1 - 0% - 60%
2 - 0% - 40%
44 Defense
1 - 0% - 60%
2 - 0% - 40%
Last Minute Offensive  - 0:00
Last Minute Defensive  - 0:00
Total
Forward - 60:00
Defense - 60:00

% Time on Ice - Maple Leafs

Lines # - Real PCT - Wanted PCT - Time Play
Normal Forward
1 - 33% - 40% - 13:13
2 - 31% - 30% - 12:30
3 - 20% - 20% - 7:53
4 - 16% - 10% - 6:34
Normal Defense
1 - 45% - 40% - 17:53
2 - 31% - 30% - 12:32
3 - 21% - 20% - 8:38
4 - 3% - 10% - 1:07
PP Forward
1 - 61% - 60% - 7:17
2 - 39% - 40% - 4:37
PP Defense
1 - 69% - 60% - 8:11
2 - 31% - 40% - 3:43
PK Forward
1 - 79% - 60% - 6:17
2 - 21% - 40% - 1:39
PK Defense
1 - 53% - 60% - 4:11
2 - 47% - 40% - 3:45
PK3 Forward
1 - 0% - 60%
2 - 0% - 40%
PK3 Defense
1 - 0% - 60%
2 - 0% - 40%
44 Forward
1 - 0% - 60%
2 - 0% - 40%
44 Defense
1 - 0% - 60%
2 - 0% - 40%
Last Minute Offensive  - 0:00
Last Minute Defensive  - 0:00
Total
Forward - 60:00
Defense - 60:00

Play-by-Play

1st period


0:01 of 1st period - Tyler Seguin wins face-off versus Bo Horvat in neutral zone.
0:04 of 1st period - Slapshot by Adam Larsson.
0:04 of 1st period - Stopped by Kristers Gudlevskis without a rebound.
0:05 of 1st period - Bo Horvat wins face-off versus Tyler Seguin in Maple Leafs zone.
0:11 of 1st period - Off-side.
0:12 of 1st period - Dylan Strome wins face-off versus Elias Pettersson in neutral zone.
0:15 of 1st period - Slapshot by Dougie Hamilton.
0:15 of 1st period - Shot Blocked by Jon Merrill.
0:17 of 1st period - Slapshot by Dougie Hamilton.
0:17 of 1st period - Deflect By Nino Niederreiter.
0:17 of 1st period - Stopped by Kristers Gudlevskis without a rebound.
0:18 of 1st period - Dylan Strome wins face-off versus Elias Pettersson in Maple Leafs zone.
1:56 of 1st period - Roope Hintz is hit by Zach Werenski and loses puck.
2:03 of 1st period - Zach Werenski is hit by Adam Gaudette and loses puck.
2:20 of 1st period - Snap shot by Evander Kane.
2:20 of 1st period - Shot Misses the Net.
2:22 of 1st period - Snap shot by Zach Werenski.
2:22 of 1st period - Shot Blocked by Jack Roslovic.
2:24 of 1st period - Wrist shot by Bo Horvat.
2:24 of 1st period - Shot Misses the Net.
2:26 of 1st period - Snap shot by Evander Kane.
2:26 of 1st period - Shot Misses the Net.
2:28 of 1st period - Wrist shot by Bo Horvat.
2:28 of 1st period - Stopped by Jacob Markstrom with a rebound.
2:30 of 1st period - Wrist shot by Evander Kane.
2:30 of 1st period - Stopped by Jacob Markstrom without a rebound.
2:31 of 1st period - Nicholas Baptiste wins face-off versus Dylan Strome in Jets zone.
2:56 of 1st period - Bo Horvat is hit by Mirco Mueller and loses puck.
3:23 of 1st period - Snap shot by Tyler Seguin.
3:23 of 1st period - Stopped by Kristers Gudlevskis with a rebound.
3:39 of 1st period - Snap shot by Nino Niederreiter.
3:39 of 1st period - Stopped by Kristers Gudlevskis with a rebound.
4:50 of 1st period - John Klingberg is hit by Nino Niederreiter and loses puck.
4:57 of 1st period - Wrist shot by Zach Werenski.
4:57 of 1st period - Shot Blocked by Dougie Hamilton.
4:59 of 1st period - Wrist shot by Elias Lindholm.
4:59 of 1st period - Shot Misses the Net.
5:01 of 1st period - Wrist shot by Elias Lindholm.
5:01 of 1st period - Shot Misses the Net.
5:13 of 1st period - Wrist shot by Nino Niederreiter.
5:13 of 1st period - Shot Misses the Net.
5:27 of 1st period - Snap shot by Adam Gaudette.
5:27 of 1st period - Stopped by Kristers Gudlevskis with a rebound.
5:35 of 1st period - Roope Hintz is hit by Evander Kane and loses puck.
5:55 of 1st period - Ryan Murray is hit by John Klingberg.
6:39 of 1st period - Anthony Mantha is hit by Bo Horvat and loses puck.
6:50 of 1st period - Snap shot by Adam Gaudette.
6:50 of 1st period - Stopped by Kristers Gudlevskis with a rebound.
7:32 of 1st period - Slapshot by Zach Werenski.
7:32 of 1st period - Deflect By Erik Cernak.
7:32 of 1st period - Stopped by Jacob Markstrom without a rebound.
7:33 of 1st period - Tyler Seguin wins face-off versus Elias Lindholm in Jets zone.
8:06 of 1st period - Minor Penalty to Brendan Guhle for Delaying the game.
8:07 of 1st period - Tyler Seguin wins face-off versus Patrice Cormier in Maple Leafs zone.
9:21 of 1st period - Icing by Tyler Seguin.
9:22 of 1st period - Tyler Seguin wins face-off versus Bo Horvat in Jets zone.
10:05 of 1st period - Slapshot by John Klingberg.
10:05 of 1st period - Stopped by Jacob Markstrom without a rebound.
10:06 of 1st period - Penalty to Brendan Guhle is over, Brendan Guhle is back on ice.
10:06 of 1st period - Elias Pettersson wins face-off versus Dylan Strome in Jets zone.
10:07 of 1st period - Snap shot by John Klingberg.
10:07 of 1st period - Stopped by Jacob Markstrom without a rebound.
10:08 of 1st period - Elias Pettersson wins face-off versus Dylan Strome in Jets zone.
10:09 of 1st period - Slapshot by Zach Werenski.
10:09 of 1st period - Stopped by Jacob Markstrom without a rebound.
10:10 of 1st period - Elias Pettersson wins face-off versus Dylan Strome in Jets zone.
10:27 of 1st period - Wrist shot by Elias Pettersson.
10:27 of 1st period - Deflect By Jason Zucker.
10:27 of 1st period - Shot Blocked by Ryan Murray.
10:27 of 1st period - Puck is out of play.
10:28 of 1st period - Bo Horvat wins face-off versus Tyler Seguin in Jets zone.
10:31 of 1st period - Wrist shot by Andre Burakovsky.
10:31 of 1st period - Shot Blocked by Adam Larsson.
10:33 of 1st period - Slapshot by Zach Werenski.
10:33 of 1st period - Deflect By Andre Burakovsky.
10:33 of 1st period - Stopped by Jacob Markstrom without a rebound.
10:34 of 1st period - Bo Horvat wins face-off versus Tyler Seguin in Jets zone.
10:35 of 1st period - Slapshot by Zach Werenski.
10:35 of 1st period - Deflect By Anthony Mantha.
10:35 of 1st period - Stopped by Jacob Markstrom with a rebound.
10:42 of 1st period - Slapshot by Andre Burakovsky.
10:42 of 1st period - Shot Misses the Net.
10:46 of 1st period - Snap shot by Andre Burakovsky.
10:46 of 1st period - Shot Misses the Net.
10:48 of 1st period - Wrist shot by Bo Horvat.
10:48 of 1st period - Shot Blocked by Tyler Seguin.
10:50 of 1st period - Snap shot by Zach Werenski.
10:50 of 1st period - Stopped by Jacob Markstrom without a rebound.
10:51 of 1st period - Elias Pettersson wins face-off versus Dylan Strome in Jets zone.
10:54 of 1st period - Wrist shot by Jason Zucker.
10:54 of 1st period - Stopped by Jacob Markstrom without a rebound.
10:55 of 1st period - Elias Pettersson wins face-off versus Nino Niederreiter in Jets zone.
11:05 of 1st period - Minor Penalty to Sam Reinhart for Holding Stick.
11:06 of 1st period - Tyler Seguin wins face-off versus Bo Horvat in Jets zone.
13:05 of 1st period - Penalty to Sam Reinhart is over, Sam Reinhart is back on ice.
13:06 of 1st period - Jason Zucker is hit by Troy Stetcher and loses puck.
13:35 of 1st period - Minor Penalty to Roope Hintz for Boarding.
13:36 of 1st period - Nino Niederreiter wins face-off versus Bo Horvat in Jets zone.
14:55 of 1st period - Snap shot by Valentin Zykov.
14:55 of 1st period - Stopped by Jacob Markstrom without a rebound.
14:56 of 1st period - Elias Pettersson wins face-off versus Viktor Arvidsson in Jets zone.
15:11 of 1st period - Viktor Arvidsson is hit by John Klingberg and loses puck.
15:35 of 1st period - Penalty to Roope Hintz is over, Roope Hintz is back on ice.
16:06 of 1st period - Brandon Saad is hit by Adam Gaudette and loses puck.
16:25 of 1st period - Snap shot by Dylan Strome.
16:25 of 1st period - Deflect By Frank Vatrano.
16:25 of 1st period - Shot Misses the Net.
16:25 of 1st period - Puck is out of play.
16:26 of 1st period - Elias Lindholm wins face-off versus Tyler Seguin in Maple Leafs zone.
16:26 of 1st period - Elias Lindholm is hit by Tyler Seguin.
16:39 of 1st period - Minor Penalty to Anthony Mantha for Tripping.
16:40 of 1st period - Tyler Seguin wins face-off versus Bo Horvat in Jets zone.
16:44 of 1st period - Snap shot by Ryan Murray.
16:44 of 1st period - Stopped by Kristers Gudlevskis with a rebound.
18:11 of 1st period - Viktor Arvidsson is hit by John Klingberg.
18:39 of 1st period - Penalty to Anthony Mantha is over, Anthony Mantha is back on ice.
18:41 of 1st period - Viktor Arvidsson is hit by Elias Pettersson and loses puck.
19:57 of 1st period - Minor Penalty to Elias Lindholm for High sticking.
19:58 of 1st period - Patrice Cormier wins face-off versus Tyler Seguin in Maple Leafs zone.
Goals for this period are 0 for Jets vs 0 for Maple Leafs.
Shots for this period are 7 for Jets vs 11 for Maple Leafs.

2nd period


0:01 of 2nd period - Patrice Cormier wins face-off versus Tyler Seguin in neutral zone.
0:04 of 2nd period - Slapshot by Jon Merrill.
0:04 of 2nd period - Deflect By Andre Burakovsky.
0:04 of 2nd period - Shot Misses the Net.
0:04 of 2nd period - Puck is out of play.
0:05 of 2nd period - Tyler Seguin wins face-off versus Patrice Cormier in Jets zone.
0:14 of 2nd period - Wrist shot by Andre Burakovsky.
0:14 of 2nd period - Shot Misses the Net.
0:42 of 2nd period - Snap shot by Nino Niederreiter.
0:42 of 2nd period - Shot Blocked by Luke Schenn.
1:57 of 2nd period - Penalty to Elias Lindholm is over, Elias Lindholm is back on ice.
2:03 of 2nd period - Slapshot by Brandon Saad.
2:03 of 2nd period - Stopped by Jacob Markstrom without a rebound.
2:04 of 2nd period - Viktor Arvidsson wins face-off versus Elias Pettersson in Jets zone.
2:09 of 2nd period - Slapshot by Tyler Seguin.
2:09 of 2nd period - Shot Misses the Net.
2:31 of 2nd period - Jack Roslovic is hit by Elias Lindholm and loses puck.
2:45 of 2nd period - Off-side.
2:46 of 2nd period - Bo Horvat wins face-off versus Roope Hintz in neutral zone.
3:09 of 2nd period - Wrist shot by Jason Zucker.
3:09 of 2nd period - Deflect By Troy Stetcher.
3:09 of 2nd period - Shot Misses the Net.
3:09 of 2nd period - Puck is out of play.
3:10 of 2nd period - Elias Pettersson wins face-off versus Tyler Seguin in Jets zone.
3:27 of 2nd period - Wrist shot by Elias Pettersson.
3:27 of 2nd period - Stopped by Jacob Markstrom without a rebound.
3:28 of 2nd period - Bo Horvat wins face-off versus Dylan Strome in Jets zone.
3:43 of 2nd period - Snap shot by Nino Niederreiter.
3:43 of 2nd period - Stopped by Kristers Gudlevskis with a rebound.
4:00 of 2nd period - Wrist shot by Jason Zucker.
4:00 of 2nd period - Shot Hit the Post.
4:48 of 2nd period - Snap shot by Nicholas Baptiste.
4:48 of 2nd period - Stopped by Jacob Markstrom without a rebound.
4:49 of 2nd period - Bo Horvat wins face-off versus Tyler Seguin in Jets zone.
5:48 of 2nd period - Wrist shot by Elias Lindholm.
5:48 of 2nd period - Shot Blocked by Adam Larsson.
6:18 of 2nd period - Roope Hintz is hit by Elias Pettersson and loses puck.
6:43 of 2nd period - Snap shot by Dylan Strome.
6:43 of 2nd period - Stopped by Kristers Gudlevskis without a rebound.
6:44 of 2nd period - Sam Reinhart wins face-off versus Bo Horvat in Maple Leafs zone.
6:49 of 2nd period - Backhand shot by Nino Niederreiter.
6:49 of 2nd period - Stopped by Kristers Gudlevskis without a rebound.
6:50 of 2nd period - Tyler Seguin wins face-off versus Bo Horvat in Maple Leafs zone.
6:57 of 2nd period - Snap shot by Tyler Seguin.
6:57 of 2nd period - Stopped by Kristers Gudlevskis without a rebound.
6:58 of 2nd period - Bo Horvat wins face-off versus Tyler Seguin in Maple Leafs zone.
7:17 of 2nd period - John Klingberg is hit by Jack Roslovic.
7:33 of 2nd period - Snap shot by Elias Lindholm.
7:33 of 2nd period - Stopped by Jacob Markstrom without a rebound.
7:34 of 2nd period - Elias Lindholm wins face-off versus Dylan Strome in Jets zone.
7:35 of 2nd period - Wrist shot by Valentin Zykov.
7:35 of 2nd period - Goal by Valentin Zykov - Jets : 0 - Maple Leafs : 1.
7:36 of 2nd period - Tyler Seguin wins face-off versus Bo Horvat in neutral zone.
7:39 of 2nd period - Wrist shot by Jack Roslovic.
7:39 of 2nd period - Shot Blocked by Andre Burakovsky.
8:11 of 2nd period - Snap shot by Dylan Strome.
8:11 of 2nd period - Goal by Dylan Strome - Jets : 1 - Maple Leafs : 1.
8:12 of 2nd period - Bo Horvat wins face-off versus Tyler Seguin in neutral zone.
8:39 of 2nd period - Ryan Murray is hit by Elias Lindholm and loses puck.
8:50 of 2nd period - Backhand shot by Tyler Seguin.
8:50 of 2nd period - Shot Misses the Net.
8:52 of 2nd period - Snap shot by Jack Roslovic.
8:52 of 2nd period - Shot Blocked by Zach Werenski.
8:56 of 2nd period - Snap shot by Jack Roslovic.
8:56 of 2nd period - Shot Misses the Net.
9:00 of 2nd period - Slapshot by Jack Roslovic.
9:00 of 2nd period - Stopped by Kristers Gudlevskis without a rebound.
9:01 of 2nd period - Dylan Strome wins face-off versus Bo Horvat in Maple Leafs zone.
9:37 of 2nd period - Snap shot by Jason Zucker.
9:37 of 2nd period - Stopped by Jacob Markstrom without a rebound.
9:38 of 2nd period - Dylan Strome wins face-off versus Bo Horvat in Jets zone.
10:24 of 2nd period - William Nylander is hit by Adam Larsson.
11:23 of 2nd period - Slapshot by Roope Hintz.
11:23 of 2nd period - Shot Blocked by Jon Merrill.
11:54 of 2nd period - Off-side.
11:55 of 2nd period - Bo Horvat wins face-off versus Dylan Strome in neutral zone.
12:18 of 2nd period - Wrist shot by Evander Kane.
12:18 of 2nd period - Deflect By Andre Burakovsky.
12:18 of 2nd period - Shot Blocked by Nino Niederreiter.
12:18 of 2nd period - Puck is out of play.
12:19 of 2nd period - Elias Pettersson wins face-off versus Tyler Seguin in Jets zone.
12:22 of 2nd period - Slapshot by Jason Zucker.
12:22 of 2nd period - Shot Misses the Net.
12:24 of 2nd period - Snap shot by Jason Zucker.
12:24 of 2nd period - Shot Blocked by Jack Roslovic.
12:28 of 2nd period - Snap shot by Jason Zucker.
12:28 of 2nd period - Stopped by Jacob Markstrom without a rebound.
12:29 of 2nd period - Tyler Seguin wins face-off versus Elias Pettersson in Jets zone.
13:10 of 2nd period - Snap shot by Elias Pettersson.
13:10 of 2nd period - Stopped by Jacob Markstrom with a rebound.
13:56 of 2nd period - Snap shot by Elias Pettersson.
13:56 of 2nd period - Stopped by Jacob Markstrom without a rebound.
13:57 of 2nd period - Bo Horvat wins face-off versus Dylan Strome in Jets zone.
14:15 of 2nd period - Minor Penalty to Sam Reinhart for Hooking.
14:16 of 2nd period - Bo Horvat wins face-off versus Dylan Strome in Jets zone.
14:22 of 2nd period - Wrist shot by Bo Horvat.
14:22 of 2nd period - Deflect By Valentin Zykov.
14:22 of 2nd period - Stopped by Jacob Markstrom with a rebound.
14:24 of 2nd period - Snap shot by Zach Werenski.
14:24 of 2nd period - Shot Blocked by Adam Larsson.
14:26 of 2nd period - Wrist shot by Bo Horvat.
14:26 of 2nd period - Shot Misses the Net.
14:28 of 2nd period - Slapshot by John Klingberg.
14:28 of 2nd period - Shot Blocked by Ryan Murray.
14:30 of 2nd period - Wrist shot by Zach Werenski.
14:30 of 2nd period - Shot Misses the Net.
14:32 of 2nd period - Wrist shot by Zach Werenski.
14:32 of 2nd period - Deflect By Andre Burakovsky.
14:32 of 2nd period - Shot Misses the Net.
14:32 of 2nd period - Puck is out of play.
14:33 of 2nd period - Tyler Seguin wins face-off versus Valentin Zykov in Jets zone.
15:03 of 2nd period - Off-side.
15:04 of 2nd period - Bo Horvat wins face-off versus Dylan Strome in neutral zone.
15:11 of 2nd period - Slapshot by Nino Niederreiter.
15:11 of 2nd period - Stopped by Kristers Gudlevskis without a rebound.
15:12 of 2nd period - Bo Horvat wins face-off versus Nino Niederreiter in Maple Leafs zone.
15:37 of 2nd period - Dougie Hamilton is hit by William Nylander and loses puck.
15:55 of 2nd period - Icing by Bo Horvat.
15:56 of 2nd period - Bo Horvat wins face-off versus Tyler Seguin in Maple Leafs zone.
16:15 of 2nd period - Penalty to Sam Reinhart is over, Sam Reinhart is back on ice.
16:17 of 2nd period - Viktor Arvidsson is hit by William Nylander and loses puck.
16:46 of 2nd period - Snap shot by Nicholas Baptiste.
16:46 of 2nd period - Shot Misses the Net.
16:48 of 2nd period - Slapshot by Haydn Fleury.
16:48 of 2nd period - Shot Blocked by Kyle Connor.
17:04 of 2nd period - Wrist shot by Roope Hintz.
17:04 of 2nd period - Shot Misses the Net.
17:18 of 2nd period - Snap shot by Jason Zucker.
17:18 of 2nd period - Stopped by Jacob Markstrom with a rebound.
17:20 of 2nd period - Snap shot by Elias Pettersson.
17:20 of 2nd period - Stopped by Jacob Markstrom with a rebound.
17:22 of 2nd period - Wrist shot by William Nylander.
17:22 of 2nd period - Shot Misses the Net.
17:24 of 2nd period - Slapshot by Jon Merrill.
17:24 of 2nd period - Deflect By Elias Pettersson.
17:24 of 2nd period - Stopped by Jacob Markstrom without a rebound.
17:25 of 2nd period - Elias Pettersson wins face-off versus Tyler Seguin in Jets zone.
17:44 of 2nd period - Slapshot by Jason Zucker.
17:44 of 2nd period - Deflect By Elias Pettersson.
17:44 of 2nd period - Stopped by Jacob Markstrom with a rebound.
18:08 of 2nd period - Snap shot by Jack Roslovic.
18:08 of 2nd period - Shot Blocked by Zach Werenski.
18:10 of 2nd period - Snap shot by Tyler Seguin.
18:10 of 2nd period - Stopped by Kristers Gudlevskis without a rebound.
18:11 of 2nd period - Bo Horvat wins face-off versus Dylan Strome in Maple Leafs zone.
18:16 of 2nd period - Wrist shot by Evander Kane.
18:16 of 2nd period - Stopped by Jacob Markstrom with a rebound.
18:20 of 2nd period - Snap shot by Evander Kane.
18:20 of 2nd period - Stopped by Jacob Markstrom without a rebound.
18:21 of 2nd period - Dylan Strome wins face-off versus Bo Horvat in Jets zone.
18:48 of 2nd period - Snap shot by Andre Burakovsky.
18:48 of 2nd period - Shot Misses the Net.
18:50 of 2nd period - Wrist shot by Bo Horvat.
18:50 of 2nd period - Stopped by Jacob Markstrom with a rebound.
18:52 of 2nd period - Backhand shot by Jon Merrill.
18:52 of 2nd period - Shot Misses the Net.
18:54 of 2nd period - Wrist shot by Andre Burakovsky.
18:54 of 2nd period - Stopped by Jacob Markstrom with a rebound.
18:56 of 2nd period - Snap shot by Evander Kane.
18:56 of 2nd period - Shot Blocked by Dylan Strome.
19:02 of 2nd period - Snap shot by Andre Burakovsky.
19:02 of 2nd period - Stopped by Jacob Markstrom with a rebound.
19:04 of 2nd period - Wrist shot by Bo Horvat.
19:04 of 2nd period - Stopped by Jacob Markstrom without a rebound.
19:05 of 2nd period - Elias Lindholm wins face-off versus Tyler Seguin in Jets zone.
19:09 of 2nd period - Minor Penalty to Anthony Mantha for Delaying the game.
19:10 of 2nd period - Tyler Seguin wins face-off versus Bo Horvat in Jets zone.
Goals for this period are 1 for Jets vs 1 for Maple Leafs.
Shots for this period are 8 for Jets vs 20 for Maple Leafs.

3rd period


0:01 of 3rd period - Bo Horvat wins face-off versus Tyler Seguin in neutral zone.
0:04 of 3rd period - Nino Niederreiter is hit by Valentin Zykov.
0:08 of 3rd period - Slapshot by Zach Werenski.
0:08 of 3rd period - Stopped by Jacob Markstrom without a rebound.
0:09 of 3rd period - Andre Burakovsky wins face-off versus Nino Niederreiter in Jets zone.
0:35 of 3rd period - Snap shot by Bo Horvat.
0:35 of 3rd period - Shot Misses the Net.
0:37 of 3rd period - Slapshot by Bo Horvat.
0:37 of 3rd period - Shot Blocked by Ryan Murray.
0:39 of 3rd period - Snap shot by Andre Burakovsky.
0:39 of 3rd period - Shot Blocked by Sam Reinhart.
0:41 of 3rd period - Slapshot by John Klingberg.
0:41 of 3rd period - Shot Misses the Net.
1:09 of 3rd period - Penalty to Anthony Mantha is over, Anthony Mantha is back on ice.
1:15 of 3rd period - Slapshot by Bo Horvat.
1:15 of 3rd period - Shot Misses the Net.
1:17 of 3rd period - Slapshot by Zach Werenski.
1:17 of 3rd period - Shot Blocked by Dougie Hamilton.
1:19 of 3rd period - Wrist shot by Valentin Zykov.
1:19 of 3rd period - Shot Misses the Net.
1:48 of 3rd period - Dougie Hamilton is hit by Andre Burakovsky and loses puck.
2:47 of 3rd period - Snap shot by Andre Burakovsky.
2:47 of 3rd period - Stopped by Jacob Markstrom with a rebound.
2:49 of 3rd period - Snap shot by John Klingberg.
2:49 of 3rd period - Stopped by Jacob Markstrom with a rebound.
2:55 of 3rd period - Wrist shot by Andre Burakovsky.
2:55 of 3rd period - Stopped by Jacob Markstrom with a rebound.
2:57 of 3rd period - Snap shot by Andre Burakovsky.
2:57 of 3rd period - Stopped by Jacob Markstrom with a rebound.
2:59 of 3rd period - Slapshot by Valentin Zykov.
2:59 of 3rd period - Shot Misses the Net.
3:01 of 3rd period - Slapshot by Valentin Zykov.
3:01 of 3rd period - Stopped by Jacob Markstrom with a rebound.
3:03 of 3rd period - Backhand shot by Andre Burakovsky.
3:03 of 3rd period - Stopped by Jacob Markstrom with a rebound.
3:30 of 3rd period - Slapshot by Bo Horvat.
3:30 of 3rd period - Shot Blocked by Dougie Hamilton.
3:32 of 3rd period - Snap shot by Zach Werenski.
3:32 of 3rd period - Stopped by Jacob Markstrom without a rebound.
3:33 of 3rd period - Elias Pettersson wins face-off versus Roope Hintz in Jets zone.
3:59 of 3rd period - Roope Hintz is hit by Haydn Fleury and loses puck.
4:37 of 3rd period - Minor Penalty to Jason Zucker for Tripping.
4:38 of 3rd period - Dylan Strome wins face-off versus Patrice Cormier in Maple Leafs zone.
6:37 of 3rd period - Penalty to Jason Zucker is over, Jason Zucker is back on ice.
6:46 of 3rd period - Dougie Hamilton is hit by Elias Pettersson and loses puck.
7:23 of 3rd period - Brendan Guhle is hit by Frank Vatrano and loses puck.
7:53 of 3rd period - Minor Penalty to Zach Werenski for Tripping.
7:54 of 3rd period - Adam Gaudette wins face-off versus Patrice Cormier in Maple Leafs zone.
8:18 of 3rd period - Haydn Fleury is hit by Anthony Mantha and loses puck.
9:30 of 3rd period - Nino Niederreiter is hit by Jason Zucker and loses puck.
9:53 of 3rd period - Penalty to Zach Werenski is over, Zach Werenski is back on ice.
10:11 of 3rd period - Sam Reinhart is hit by Elias Lindholm and loses puck.
10:18 of 3rd period - Haydn Fleury is hit by Erik Cernak and loses puck.
10:29 of 3rd period - Slapshot by Jon Merrill.
10:29 of 3rd period - Shot Misses the Net.
11:24 of 3rd period - Minor Penalty to Dougie Hamilton for Tripping.
11:25 of 3rd period - Tyler Seguin wins face-off versus Bo Horvat in Jets zone.
11:56 of 3rd period - Icing by John Klingberg.
11:57 of 3rd period - Viktor Arvidsson wins face-off versus Elias Pettersson in Maple Leafs zone.
11:58 of 3rd period - Snap shot by Anthony Mantha.
11:58 of 3rd period - Shot Blocked by Elias Pettersson.
12:44 of 3rd period - Slapshot by Zach Werenski.
12:44 of 3rd period - Shot Blocked by Adam Larsson.
13:24 of 3rd period - Penalty to Dougie Hamilton is over, Dougie Hamilton is back on ice.
14:17 of 3rd period - Wrist shot by Nicholas Baptiste.
14:17 of 3rd period - Shot Misses the Net.
14:31 of 3rd period - Jack Roslovic is hit by Jason Zucker and loses puck.
15:23 of 3rd period - Jack Roslovic is hit by Jason Zucker and loses puck.
15:47 of 3rd period - Evander Kane is hit by Adam Larsson and loses puck.
17:07 of 3rd period - Luke Schenn is hit by Troy Stetcher and loses puck.
18:20 of 3rd period - Off-side.
18:21 of 3rd period - Elias Pettersson wins face-off versus Frank Vatrano in neutral zone.
18:30 of 3rd period - Snap shot by Adam Gaudette.
18:30 of 3rd period - Shot Blocked by Brendan Guhle.
18:32 of 3rd period - Snap shot by Frank Vatrano.
18:32 of 3rd period - Shot Misses the Net.
18:34 of 3rd period - Snap shot by Adam Gaudette.
18:34 of 3rd period - Stopped by Kristers Gudlevskis without a rebound.
18:35 of 3rd period - Tyler Seguin wins face-off versus Elias Lindholm in Maple Leafs zone.
18:36 of 3rd period - Snap shot by Viktor Arvidsson.
18:36 of 3rd period - Shot Blocked by Brendan Guhle.
18:38 of 3rd period - Wrist shot by Tyler Seguin.
18:38 of 3rd period - Shot Misses the Net.
18:40 of 3rd period - Slapshot by Adam Larsson.
18:40 of 3rd period - Stopped by Kristers Gudlevskis without a rebound.
18:41 of 3rd period - Tyler Seguin wins face-off versus Elias Lindholm in Maple Leafs zone.
18:51 of 3rd period - Off-side.
18:52 of 3rd period - Elias Lindholm wins face-off versus Roope Hintz in neutral zone.
18:52 of 3rd period - Zach Werenski is hit by Adam Gaudette and loses puck.
19:02 of 3rd period - Icing by Roope Hintz.
19:03 of 3rd period - Elias Lindholm wins face-off versus Roope Hintz in Jets zone.
19:22 of 3rd period - Wrist shot by Kyle Connor.
19:22 of 3rd period - Shot Blocked by Pontus Aberg.
19:26 of 3rd period - Slapshot by Adam Gaudette.
19:26 of 3rd period - Stopped by Kristers Gudlevskis with a rebound.
19:28 of 3rd period - Slapshot by Ludwig Bystrom.
19:28 of 3rd period - Stopped by Kristers Gudlevskis without a rebound.
19:29 of 3rd period - Tyler Seguin wins face-off versus Elias Pettersson in Maple Leafs zone.
Goals for this period are 0 for Jets vs 0 for Maple Leafs.
Shots for this period are 4 for Jets vs 8 for Maple Leafs.

Overtime #1


0:01 of 1st overtime period - Elias Pettersson wins face-off versus Tyler Seguin in neutral zone.
0:08 of 1st overtime period - Slapshot by Zach Werenski.
0:08 of 1st overtime period - Shot Misses the Net.
0:28 of 1st overtime period - Slapshot by Tyler Seguin.
0:28 of 1st overtime period - Stopped by Kristers Gudlevskis with a rebound.
0:30 of 1st overtime period - Snap shot by Anthony Mantha.
0:30 of 1st overtime period - Stopped by Kristers Gudlevskis with a rebound.
0:38 of 1st overtime period - Slapshot by Viktor Arvidsson.
0:38 of 1st overtime period - Goal by Viktor Arvidsson - Jets : 2 - Maple Leafs : 1.
Goals for this period are 1 for Jets vs 0 for Maple Leafs.
Shots for this period are 3 for Jets vs 0 for Maple Leafs.